3AA
PROVIDENCE PILGRIMS @ YAKIMA HOPS
08/02/2041
 
TOP OF THE 1ST
Providence Pilgrims batting - Pitching for Yakima Hops : RHP Mark Walker
Pitching: RHP Mark Walker
Batting: RHB Keith Lynn 0-0: Ball
1-0: Foul Ball, location: 2F
1-1: Ball
2-1: Ball
3-1: Base on Balls
Batting: RHB Carlos González 0-0: Called Strike
0-1: Ball
1-1: Ball
2-1: Called Strike
2-2: Fly out, F8 (Flyball, 8LD, EV 91.2 MPH)
Batting: RHB Chris Hall 0-0: Called Strike
Keith Lynn is caught stealing 2nd base 2-4
0-1: Foul Ball, location: 2F
0-2: Ball
1-2: Strikes out swinging
Top of the 1st over - 0 runs, 0 hits, 0 errors, 0 left on base; Providence 0 - Yakima 0
BOTTOM OF THE 1ST
Yakima Hops batting - Pitching for Providence Pilgrims : RHP Rick Hubbard
Pitching: RHP Rick Hubbard
Batting: LHB Alfredo Pliego 0-0: Ball
1-0: Ground out 5-3 (Groundball, 56, EV 85.6 MPH)
Batting: RHB Rodrigo Jiménez 0-0: Called Strike
0-1: Ball
1-1: Swinging Strike
1-2: Foul Ball, location: 2F
1-2: Foul Ball, location: 2F
1-2: Ground out 5-3 (Groundball, 56, EV 105.0 MPH)
Batting: LHB Jorge Peniche 0-0: Called Strike
0-1: Swinging Strike
0-2: Ball
1-2: Hit by Pitch
Batting: LHB Richard Beagle 0-0: Called Strike
Jorge Peniche steals 2nd, throwing error, E2
Jorge Peniche to third
0-1: Fly out, F7 (Line Drive, 7, EV 105.0 MPH)
Bottom of the 1st over - 0 runs, 0 hits, 1 error, 1 left on base; Providence 0 - Yakima 0
TOP OF THE 2ND
Providence Pilgrims batting - Pitching for Yakima Hops : RHP Mark Walker
Batting: RHB Gabriel Méndez 0-0: Fly out, F9 (Flyball, 9, EV 94.4 MPH)
Batting: LHB Pancho Coloma 0-0: Ball
1-0: Ball
2-0: Swinging Strike
2-1: Called Strike
2-2: Strikes out swinging
Batting: LHB Ben Tyler 0-0: Called Strike
0-1: Foul Ball, location: 2F
0-2: Ball
1-2: DOUBLE (Line Drive, 89D, EV 103.8 MPH)
Batting: RHB Ronnie Wise 0-0: Foul Ball, location: 2F
0-1: Ball
1-1: Ball
2-1: Swinging Strike
2-2: Strikes out looking
Top of the 2nd over - 0 runs, 1 hit, 0 errors, 1 left on base; Providence 0 - Yakima 0
BOTTOM OF THE 2ND
Yakima Hops batting - Pitching for Providence Pilgrims : RHP Rick Hubbard
Pitching: RHP Ellis Gedge
Batting: RHB Brandon Wilson 0-0: Foul Ball, location: 2F
0-1: Ball
1-1: Called Strike
1-2: Strikes out looking
Batting: LHB Juan Fuentes 0-0: Swinging Strike
0-1: SOLO HOME RUN (Flyball, 7D, EV 89.4 MPH), Distance : 376 ft
Batting: RHB Jorge Esparza 0-0: Ball
1-0: Called Strike
1-1: DOUBLE (Flyball, 8RD, EV 111.9 MPH)
Batting: RHB Nicodemo Nardone 0-0: Ball
1-0: SINGLE (Line Drive, 8LS, EV 100.6 MPH)
Jorge Esparza to third
Batting: RHB Tim Dickson 0-0: Called Strike
0-1: Foul Ball, location: 2F
0-2: Ball
1-2: Foul Ball, location: 2F
1-2: Ball
Passed Ball!
Jorge Esparza scores
Nicodemo Nardone to second
2-2: Strikes out swinging
Batting: LHB Alfredo Pliego 0-0: SINGLE (Groundball, 3D, EV 98.1 MPH)
Nicodemo Nardone to third
Runner from 3rd tries for Home, SAFE, throw by RF to home
Batting: RHB Rodrigo Jiménez 0-0: Ball
1-0: Fly out, F8 (Flyball, 8RXD, EV 85.0 MPH)
Bottom of the 2nd over - 3 runs, 4 hits, 0 errors, 1 left on base; Providence 0 - Yakima 3
TOP OF THE 3RD
Providence Pilgrims batting - Pitching for Yakima Hops : RHP Mark Walker
Batting: RHB Gilberto Ortíz 0-0: Ball
1-0: Foul Ball, location: 2F
1-1: Foul Ball, location: 2F
1-2: Ball
2-2: SOLO HOME RUN (Flyball, 7D, EV 101.2 MPH), Distance : 382 ft
Batting: RHB Jesse McCoy 0-0: Ball
1-0: Ball
2-0: Called Strike
2-1: Swinging Strike
2-2: Ball
3-2: Foul Ball, location: 2F
3-2: Base on Balls
Batting: RHB Keith Lynn 0-0: Ball
1-0: Grounds into double play, 6-4-3 (Groundball, 6, EV 95.6 MPH)
Batting: RHB Carlos González 0-0: Ball
1-0: Swinging Strike
1-1: Swinging Strike
1-2: Foul Ball, location: 2F
1-2: Ball
2-2: Ball
3-2: DOUBLE (Flyball, 89D, EV 108.1 MPH)
Batting: RHB Chris Hall 0-0: Ground out 4-3 (Groundball, 4, EV 83.8 MPH)
Top of the 3rd over - 1 run, 2 hits, 0 errors, 1 left on base; Providence 1 - Yakima 3
BOTTOM OF THE 3RD
Yakima Hops batting - Pitching for Providence Pilgrims : RHP Ellis Gedge
Batting: LHB Jorge Peniche 0-0: SINGLE (Flyball, 8LS, EV 92.5 MPH)
Batting: LHB Richard Beagle 0-0: Called Strike
0-1: Foul Ball, location: 2F
0-2: Foul Ball, location: 2F
0-2: Ball
Wild Pitch!
Jorge Peniche to second
1-2: Ball
2-2: Fly out, F7 (Flyball, 78XD, EV 101.2 MPH)
Runner from 2nd tags up, SAFE at 3rd, no throw by LF
Batting: RHB Brandon Wilson 0-0: Ball
1-0: Ball
2-0: Ball
3-0: Called Strike
3-1: Fly out, F8 (Flyball, 8RD, EV 84.4 MPH)
Runner from 3rd tags up, SCORES, throw by CF
Batting: LHB Juan Fuentes 0-0: Ground out U3 (Groundball, 3L, EV 98.1 MPH)
Bottom of the 3rd over - 1 run, 1 hit, 0 errors, 0 left on base; Providence 1 - Yakima 4
TOP OF THE 4TH
Providence Pilgrims batting - Pitching for Yakima Hops : RHP Mark Walker
Batting: RHB Gabriel Méndez 0-0: Ball
1-0: Fly out, F9 (Line Drive, 9, EV 110.0 MPH)
Batting: LHB Pancho Coloma 0-0: Ground out 1-3 (Groundball, 34S, EV 83.8 MPH)
Batting: LHB Ben Tyler 0-0: Fly out, F4 (Popup, 34S, EV 78.8 MPH)
Top of the 4th over - 0 runs, 0 hits, 0 errors, 0 left on base; Providence 1 - Yakima 4
BOTTOM OF THE 4TH
Yakima Hops batting - Pitching for Providence Pilgrims : RHP Ellis Gedge
Pitching: RHP Bob Norlander
Batting: RHB Jorge Esparza 0-0: Called Strike
0-1: Ball
1-1: Called Strike
1-2: Ball
2-2: Ball
3-2: Base on Balls
Batting: RHB Nicodemo Nardone 0-0: Ball
1-0: Ball
2-0: Ball
3-0: Called Strike
3-1: SINGLE (Line Drive, 9LS, EV 94.4 MPH)
Jorge Esparza to second
Runner from 2nd tries for 3rd, SAFE, no throw by RF
Batting: RHB Tim Dickson 0-0: Ball
1-0: Ball
2-0: Ball
3-0: Called Strike
3-1: Base on Balls
Nicodemo Nardone to second
Batting: LHB Alfredo Pliego 0-0: Ball
1-0: Ball
2-0: Called Strike
2-1: Ball
3-1: Base on Balls
Jorge Esparza scores
Nicodemo Nardone to third
Tim Dickson to second
Batting: RHB Rodrigo Jiménez 0-0: Foul Ball, location: 2F
0-1: Ball
1-1: Ball
2-1: Foul Ball, location: 2F
2-2: Strikes out swinging
Batting: LHB Jorge Peniche 0-0: Foul Ball, location: 2F
0-1: Ball
1-1: Reached on error, E4 (Groundball, 34, EV 93.1 MPH)
Nicodemo Nardone scores
Tim Dickson to third
Alfredo Pliego to second
Batting: LHB Richard Beagle 0-0: Ball
1-0: Ball
2-0: Ball
3-0: Called Strike
3-1: Base on Balls
Tim Dickson scores
Alfredo Pliego to third
Jorge Peniche to second
Batting: RHB Brandon Wilson 0-0: Swinging Strike
0-1: Foul Ball, location: 2F
0-2: Foul Ball, location: 2F
0-2: Ball
1-2: Fly out, F9 (Flyball, 9LS, EV 81.9 MPH)
Batting: LHB Juan Fuentes 0-0: Called Strike
0-1: Ball
1-1: Foul Ball, location: 2F
1-2: Foul Ball, location: 2F
1-2: Foul Ball, location: 2F
1-2: Foul Ball, location: 2F
1-2: Foul Ball, location: 2F
1-2: GRAND SLAM HOME RUN (Flyball, 9D, EV 103.8 MPH), Distance : 353 ft
Pitching: RHP Ángel Ibarra
Batting: RHB Jorge Esparza 0-0: Called Strike
0-1: Ball
1-1: Called Strike
1-2: Ground out 3-1 (Groundball, 34, EV 86.9 MPH)
Bottom of the 4th over - 7 runs, 2 hits, 1 error, 0 left on base; Providence 1 - Yakima 11
TOP OF THE 5TH
Providence Pilgrims batting - Pitching for Yakima Hops : RHP Mark Walker
Batting: RHB Ronnie Wise 0-0: Called Strike
0-1: Foul Ball, location: 2F
0-2: Ball
1-2: Ball
2-2: Ball
3-2: Fly out, F8 (Flyball, 8LM, EV 78.8 MPH)
Batting: RHB Gilberto Ortíz 0-0: SINGLE (Flyball, 56D, EV 90.0 MPH)
Batting: RHB Jesse McCoy 0-0: Called Strike
0-1: Foul Ball, location: 2F
0-2: SINGLE (Line Drive, 8LS, EV 106.9 MPH)
Gilberto Ortíz to second
Batting: RHB Keith Lynn 0-0: Called Strike
0-1: Called Strike
0-2: Ball
1-2: Ball
2-2: Grounds into double play, 4-6-3 (Groundball, 4, EV 86.2 MPH)
Top of the 5th over - 0 runs, 2 hits, 0 errors, 1 left on base; Providence 1 - Yakima 11
BOTTOM OF THE 5TH
Yakima Hops batting - Pitching for Providence Pilgrims : RHP Ángel Ibarra
Batting: RHB Nicodemo Nardone 0-0: Ball
1-0: Swinging Strike
1-1: DOUBLE (Line Drive, 8LD, EV 93.8 MPH)
Batting: RHB Tim Dickson 0-0: Ball
1-0: Ball
2-0: Ball
3-0: Called Strike
3-1: Base on Balls
Batting: LHB Alfredo Pliego 0-0: Called Strike
0-1: Swinging Strike
0-2: SINGLE (Line Drive, 89M, EV 85.6 MPH)
Nicodemo Nardone to third
Tim Dickson to second
Batting: RHB Rodrigo Jiménez 0-0: Fly out, F3 (Popup, 3SF, EV 78.8 MPH)
Batting: LHB Jorge Peniche 0-0: Foul Ball, location: 2F
0-1: Ball
1-1: Foul Ball, location: 2F
1-2: Strikes out swinging
Batting: LHB Richard Beagle 0-0: Ball
1-0: Swinging Strike
1-1: Ground out 4-3 (Groundball, 4, EV 90.6 MPH)
Bottom of the 5th over - 0 runs, 2 hits, 0 errors, 3 left on base; Providence 1 - Yakima 11
TOP OF THE 6TH
Providence Pilgrims batting - Pitching for Yakima Hops : RHP Mark Walker
Batting: RHB Carlos González 0-0: TRIPLE (Flyball, 78XD, EV 96.9 MPH)
Batting: RHB Chris Hall 0-0: Ball
1-0: Called Strike
1-1: Foul Ball, location: 2F
1-2: Ball
2-2: Fly out, F8 (Flyball, 8RD, EV 80.6 MPH)
Runner from 3rd tags up, SCORES, no throw by CF
Batting: RHB Gabriel Méndez 0-0: Swinging Strike
0-1: Called Strike
0-2: Ball
1-2: Foul Ball, location: 2F
1-2: Foul Ball, location: 2F
1-2: Ball
2-2: Strikes out swinging
Batting: LHB Pancho Coloma 0-0: Called Strike
0-1: Ground out U3 (Groundball, 34, EV 85.6 MPH)
Top of the 6th over - 1 run, 1 hit, 0 errors, 0 left on base; Providence 2 - Yakima 11
BOTTOM OF THE 6TH
Yakima Hops batting - Pitching for Providence Pilgrims : RHP Ángel Ibarra
Batting: RHB Brandon Wilson 0-0: Fly out, F9 (Flyball, 89D, EV 84.4 MPH)
Batting: LHB Juan Fuentes 0-0: Called Strike
0-1: SINGLE (Line Drive, 56D, EV 105.0 MPH)
Batting: RHB Jorge Esparza 0-0: Foul Ball, location: 2F
0-1: SINGLE (Flyball, 9S, EV 92.5 MPH)
Juan Fuentes to second
Batting: RHB Nicodemo Nardone 0-0: Ball
1-0: DOUBLE (Line Drive, 89M, EV 87.5 MPH)
Juan Fuentes scores
Jorge Esparza to third
Runner from 3rd tries for Home, SAFE, throw by CF to trailing runner, SAFE at third!
Batting: RHB Tim Dickson 0-0: Ball
1-0: Fly out, F8 (Line Drive, 8LM, EV 93.1 MPH)
Runner from 3rd tags up, SCORES, no throw by CF
Batting: LHB Alfredo Pliego 0-0: SINGLE (Groundball, 6S, EV 70.0 MPH) (infield hit)
Batting: RHB Rodrigo Jiménez 0-0: Called Strike
0-1: Ball
1-1: DOUBLE (Line Drive, 78D, EV 101.2 MPH)
Alfredo Pliego to third
Runner from 3rd tries for Home, SAFE, no throw by LF
Pinch Runner at 2nd Kyung-ryul Kim:
Batting: LHB Jorge Peniche 0-0: SINGLE (Flyball, 89S, EV 93.1 MPH)
Kyung-ryul Kim to third
Runner from 3rd tries for Home, SAFE, throw by RF to home
Batting: LHB Richard Beagle 0-0: Ball
1-0: Foul Ball, location: 2F
1-1: Ball
2-1: Foul Ball, location: 2F
2-2: Foul Ball, location: 2F
2-2: SINGLE (Line Drive, 56D, EV 101.9 MPH)
Jorge Peniche to second
Batting: RHB Brandon Wilson 0-0: Foul Ball, location: 2F
0-1: Ball
1-1: Ground out U3 (Groundball, 34, EV 88.8 MPH)
Bottom of the 6th over - 5 runs, 7 hits, 0 errors, 2 left on base; Providence 2 - Yakima 16
TOP OF THE 7TH
Providence Pilgrims batting - Pitching for Yakima Hops : RHP Mark Walker
Now in CF: Kyung-ryul Kim
Batting: LHB Ben Tyler 0-0: Foul Ball, location: 2F
0-1: Ball
1-1: Foul Ball, location: 2F
1-2: Foul Ball, location: 2F
1-2: Ground out 4-3 (Groundball, 4S, EV 74.4 MPH)
Pitching: RHP Logan Barker
Pinch Hitting: RHB Mario Ramírez 0-0: Ground out 6-3 (Groundball, 6S, EV 64.4 MPH)
Batting: RHB Gilberto Ortíz 0-0: Called Strike
0-1: Ball
1-1: Called Strike
1-2: Strikes out swinging
Top of the 7th over - 0 runs, 0 hits, 0 errors, 0 left on base; Providence 2 - Yakima 16
BOTTOM OF THE 7TH
Yakima Hops batting - Pitching for Providence Pilgrims : RHP Ángel Ibarra
Now at 2B: Mario Ramírez
Batting: LHB Juan Fuentes 0-0: Ball
1-0: Ball
2-0: Called Strike
2-1: Foul Ball, location: 2F
2-2: Ball
3-2: Base on Balls
Batting: RHB Jorge Esparza 0-0: Called Strike
0-1: Ball
1-1: Called Strike
1-2: Fly out, F4 (Popup, 34D, EV 48.8 MPH)
Batting: RHB Nicodemo Nardone 0-0: Foul Ball, location: 2F
0-1: Foul Ball, location: 2F
0-2: Foul Ball, location: 2F
0-2: Ball
1-2: Foul Ball, location: 2F
1-2: Ball
2-2: Fly out, F8 (Flyball, 8LM, EV 90.6 MPH)
Batting: RHB Tim Dickson 0-0: Ball
1-0: Called Strike
1-1: Ground out 5-3 (Groundball, 5S, EV 81.2 MPH)
Bottom of the 7th over - 0 runs, 0 hits, 0 errors, 1 left on base; Providence 2 - Yakima 16
TOP OF THE 8TH
Providence Pilgrims batting - Pitching for Yakima Hops : RHP Logan Barker
Batting: RHB Jesse McCoy 0-0: Ball
1-0: Fly out, F7 (Line Drive, 7, EV 92.5 MPH)
Batting: RHB Keith Lynn 0-0: Ball
1-0: Ball
2-0: Foul Ball, location: 2F
2-1: Ground out 6-3 (Groundball, 6S, EV 84.4 MPH)
Batting: RHB Carlos González 0-0: Called Strike
0-1: Ball
1-1: Foul Ball, location: 2F
1-2: Strikes out looking
Top of the 8th over - 0 runs, 0 hits, 0 errors, 0 left on base; Providence 2 - Yakima 16
BOTTOM OF THE 8TH
Yakima Hops batting - Pitching for Providence Pilgrims : RHP Ángel Ibarra
Batting: LHB Alfredo Pliego 0-0: Ball
1-0: Foul Ball, location: 2F
1-1: Called Strike
1-2: Ball
2-2: Ground out 4-3 (Groundball, 4, EV 85.6 MPH)
Pitching: LHP Teika Suto
Batting: LHB Kyung-ryul Kim 0-0: Ball
1-0: Swinging Strike
1-1: Called Strike
1-2: Strikes out swinging
Batting: LHB Jorge Peniche 0-0: Ball
1-0: Fly out, F8 (Flyball, 8RS, EV 95.6 MPH)
Bottom of the 8th over - 0 runs, 0 hits, 0 errors, 0 left on base; Providence 2 - Yakima 16
TOP OF THE 9TH
Providence Pilgrims batting - Pitching for Yakima Hops : RHP Logan Barker
Batting: RHB Chris Hall 0-0: Ball
1-0: Foul Ball, location: 2F
1-1: Swinging Strike
1-2: Strikes out swinging
Batting: RHB Gabriel Méndez 0-0: Foul Ball, location: 2F
0-1: Foul Ball, location: 2F
0-2: Ball
1-2: Ball
2-2: Foul Ball, location: 2F
2-2: Ball
3-2: Ground out 4-3 (Groundball, 4, EV 110.6 MPH)
Batting: LHB Pancho Coloma 0-0: Foul Ball, location: 2F
0-1: Ball
1-1: SINGLE (Groundball, 3D, EV 95.0 MPH)
Batting: LHB Ben Tyler 0-0: Foul Ball, location: 2F
0-1: Ball
1-1: Fly out, F9 (Flyball, 9D, EV 98.1 MPH)
Top of the 9th over - 0 runs, 1 hit, 0 errors, 1 left on base; Providence 2 - Yakima 16
Tuesday, January 5th, 2021 - OOTP Baseball 20.8 Build 74